Match 47058230
Unlisted

Match 47058230
End
Construct Infanterie Kompanie
Pioneer Squad
MG 42 Machine Gun Team
Selects Breakthrough Battlegroup
MG 42 Machine Gun Team
Grenadier Squad
Construct Panzergrenadier Kompanie
251 Medium Carrier
251 Medium Carrier
Medical Station
Support Elements
Nebelwerfer 42 Rocket Launcher Team
Panzergrenadier Officer Quarters
Nebelwerfer 42 Rocket Launcher Team
Selects Assault Grenadiers
Selects Smoke Bombing Run
Selects Incendiary Bombing Run
Pak 40 Anti-tank Gun Team
Incendiary Bombing Run
Construct Panzer Kompanie
Selects 2.5-tonne Cargo Truck
2.5-tonne Cargo Truck
Incendiary Bombing Run
Smoke Bombing Run
Smoke Bombing Run
Stoßtruppen Squad
Incendiary Bombing Run
Panzer IV Medium Tank
Boneless
ValiantHawk
BazookaJoe
pan_d_k
Cyone
markaren
0
0

Comments sign in to comment!

No comments posted yet!